 Dungeon Crawl Stone Soup version 0.25-a0-294-gea9b1ad378 (webtiles) character file.

Game seed: 3048584510352297587, levelgen mode: deterministic

1727 kae the Basher (level 8, 0/64 HPs)
             Began as a Minotaur Fighter on Dec 19, 2019.
             Was a Believer of Okawaru.
             Slain by Prince Ribbit (10 damage)
             ... on level 8 of the Dungeon.
             The game lasted 00:05:58 (5549 turns).

kae the Basher (Minotaur Fighter)                   Turns: 5549, Time: 00:05:59

Health: 0/64       AC:  8    Str: 21    XL:     8   Next: 75%
Magic:  0/7        EV:  7    Int:  6    God:    Okawaru [**....]
Gold:   207        SH:  9    Dex: 11    Spells: 7/7 levels left

rFire    . . .     SeeInvis .   a - +1 flail
rCold    . . .     Gourm    .   c - +0 shield
rNeg     . . .     Faith    .   u - +0 scale mail (curse)
rPois    .         Spirit   +   p - +2 hat
rElec    .         Reflect  .   o - scarf {Spirit}
rCorr    .         Harm     .   (no gloves)
MR       .....                  (no boots)
Stlth    ..........             (no amulet)
HPRegen  0.20/turn              (no ring)
MPRegen  0.10/turn              (no ring)

@: no status effects
A: retaliatory headbutt, horns 2
a: Heroism, Renounce Religion


You were on level 8 of the Dungeon.
You worshipped Okawaru.
Okawaru was pleased with you.
You were very hungry.

You visited 2 branches of the dungeon, and saw 7 of its levels.
You also visited: Ossuary.

You collected 285 gold pieces.
You spent 78 gold pieces at shops.

Inventory:

Hand Weapons
 a - a +1 flail (weapon)
Armour
 b - a +0 scale mail
 c - a +0 shield (worn)
 o - a scarf of spirit shield (worn)
 p - a +2 hat (worn)
 u - a cursed +0 scale mail (worn)
Jewellery
 m - an uncursed amulet of faith
 y - a cursed -2 ring of protection {unknown}
 A - an uncursed ring of wizardry {unknown}
 B - an uncursed ring of protection from fire
Wands
 t - a wand of flame (13)
 x - a wand of enslavement (11)
 D - a wand of random effects (20)
Scrolls
 g - 3 scrolls of fear
 i - 2 scrolls of amnesia
 l - 3 scrolls of remove curse
 q - 5 scrolls of identify
 v - 2 scrolls of enchant weapon
 C - 2 scrolls of teleportation
Potions
 d - 2 potions of might
 e - 3 potions of curing
 h - 4 potions of invisibility {unknown}
 j - 3 potions of degeneration
 k - 2 potions of ambrosia
 n - a potion of resistance {unknown}
 r - 3 potions of heal wounds
 s - 2 potions of mutation {unknown}
 w - 2 potions of agility
 z - 2 potions of flight {unknown}
Comestibles
 f - 12 rations


   Skills:
 - Level 3.6 Fighting
 + Level 13.1 Maces & Flails
 - Level 3.6 Armour
 - Level 3.6 Shields


You had 7 spell levels left.
You didn't know any spells.
Your spell library was empty.

Dungeon Overview and Level Annotations

Branches:
Dungeon (5/15)             Temple (1/1) D:4         Ossuary (visited)

Altars:
Ashenzari
Elyvilon
Gozag
Hepliaklqana
Nemelex Xobeh
Okawaru
Ru
Sif Muna
Trog
Uskayaw
Vehumet
Wu Jian
Xom
Zin
The Shining One
Beogh

Shops:
D:4 (}(!

Annotations:
D:8 Prince Ribbit


Innate Abilities, Weirdness & Mutations

You reflexively headbutt those who attack you in melee.
You have a pair of horns on your head.


Message History

You block Prince Ribbit's attack.
You barely miss Prince Ribbit.
Prince Ribbit is heavily wounded.
Prince Ribbit hits you but does no damage.
You closely miss Prince Ribbit.
Prince Ribbit is heavily wounded.
Prince Ribbit hits you.
You closely miss Prince Ribbit.
Prince Ribbit is heavily wounded.
Prince Ribbit completely misses you.
You miss Prince Ribbit.
Prince Ribbit is heavily wounded.
Prince Ribbit hits you!
* * * LOW HITPOINT WARNING * * *
Okay, then.
You hit Prince Ribbit.
Prince Ribbit is heavily wounded.
Prince Ribbit closely misses you. You furiously retaliate!
You headbutt Prince Ribbit! Prince Ribbit hits you!
You die...

#.#.##.# #.######(#..#.#.#.# #
#.#.##.# #.#....#.#..#.#.#.# #
#.#.##.###.#.##.#.#..#.#.#.######
.................................
..#.##.#####.####....#.#..[######
###.##.#####.#..#....#.##### #
...........#....#....#.# #
###.##.###.#.........#.# ########
.....#.###.#....@....#.. ........
#<##.#.....#...F.....############
.....#########..#.#..#..(........
..................#..#.##########
###############.###..#.#
.....................#.#####
########.........##..#.#...#
###### #.........# ..#.#...#.....
.....# #.........# ..#.#...#.....


You could see Prince Ribbit.

Vanquished Creatures
  Psyche (D:8)
  A wraith (Ossuary)
  The ghost of floatRand the Insei, an amateur DsMo (D:3)
  2 phantoms
  2 ogres
  A centaur (D:8)
  Dowan (D:5)
  2 howler monkeys
  A crimson imp (D:5)
  2 hounds (D:8)
  2 orc priests (D:5)
  2 bullfrog skeletons (D:8)
  4 orc wizards
  4 worker ants
  3 mummies (Ossuary)
  4 adders
  2 oozes (D:2)
  An adder skeleton (D:4)
  2 dart slugs (D:1)
  6 leopard geckos
  18 orcs
  6 bats
  A gnoll zombie (Ossuary)
  6 goblins
  7 hobgoblins
  9 jackals
  8 kobolds
  3 quokkas
  2 frilled lizards
  2 hobgoblin zombies (Ossuary)
  A jackal skeleton (D:4)
  4 kobold zombies (Ossuary)
  An orc zombie (Ossuary)
  2 rats
114 creatures vanquished.

Notes
Turn   | Place    | Note
-------+----------+-------------------------------------------
     0 | D:1      | kae the Minotaur Fighter began the quest for the Orb.
     0 | D:1      | Reached XP level 1. HP: 19/19 MP: 0/0
    76 | D:1      | Reached skill level 3 in Maces & Flails
   108 | D:1      | Reached XP level 2. HP: 24/26 MP: 1/1
   553 | D:2      | Reached skill level 4 in Maces & Flails
   574 | D:2      | Reached XP level 3. HP: 26/31 MP: 2/2
   691 | D:2      | Found a white marble altar of Elyvilon.
   736 | D:2      | Reached skill level 5 in Maces & Flails
  1078 | D:2      | Reached XP level 4. HP: 39/39 MP: 3/3
  1132 | D:2      | Found a shattered altar of Ashenzari.
  1696 | D:3      | Found a runed translucent gate.
  1700 | D:3      | Found a runed translucent gate.
  1700 | D:3      | Noticed floatRand's ghost (amateur DsMo)
  1701 | D:3      | Found a runed translucent gate.
  1702 | D:3      | Found a roughly hewn altar of Beogh.
  1715 | D:3      | Identified the +3 spear of Yseatuil {flame, *Drain Str+5
                  | SInv Stlth-}
  1863 | D:3      | Reached skill level 6 in Maces & Flails
  2201 | D:3      | Killed floatRand's ghost
  2201 | D:3      | Reached skill level 7 in Maces & Flails
  2201 | D:3      | Reached XP level 5. HP: 45/45 MP: 4/4
  2400 | D:4      | Reached XP level 6. HP: 37/51 MP: 5/5
  2516 | D:4      | Found Weneebev's Book Shoppe.
  2519 | D:4      | Found Ohikk's Antique Weapon Shop.
  2520 | D:4      | Found Waotocil's Gadget Boutique.
  2562 | D:4      | Reached skill level 8 in Maces & Flails
  2568 | D:4      | Found a staircase to the Ecumenical Temple.
  2577 | Temple   | Entered the Ecumenical Temple
  2901 | Temple   | Became a worshipper of Warmaster Okawaru
  2972 | D:4      | Reached skill level 9 in Maces & Flails
  3020 | D:4      | Found Redd's Distillery.
  3023 | D:4      | Bought a potion of heal wounds for 65 gold pieces
  3023 | D:4      | Bought a potion of degeneration for 13 gold pieces
  3144 | D:4      | Found Bieroaz's Antique Weapon Shop.
  3300 | D:5      | Entered Level 5 of the Dungeon
  3303 | D:5      | Reached XP level 7. HP: 57/57 MP: 6/6
  3331 | D:5      | Reached * piety under Okawaru
  3372 | D:5      | Reached skill level 10 in Maces & Flails
  3375 | D:5      | Found a sand-covered staircase.
  3453 | Ossuary  | Entered an ossuary
  3453 | Ossuary  | Noticed a wraith
  3453 | Ossuary  | Noticed a wraith
  3453 | Ossuary  | Noticed a wraith
  3917 | Ossuary  | Noticed a wraith
  3923 | Ossuary  | Killed a wraith
  4006 | D:5      | Noticed Dowan
  4023 | D:5      | Killed Dowan
  4023 | D:5      | Reached skill level 11 in Maces & Flails
  4319 | D:5      | Reached XP level 8. HP: 26/64 MP: 2/7
  4604 | D:5      | Found a hazy altar of Hepliaklqana.
  4863 | D:5      | You fall into a shaft and drop 3 floors!
  4964 | D:8      | Noticed Psyche
  4976 | D:8      | Paralysed by Psyche for 7 turns
  4985 | D:8      | Killed Psyche
  4985 | D:8      | Reached ** piety under Okawaru
  4985 | D:8      | Reached skill level 12 in Maces & Flails
  5254 | D:8      | Reached skill level 13 in Maces & Flails
  5287 | D:8      | Noticed Prince Ribbit
  5535 | D:8      | HP: 2/64 [Prince Ribbit (12)]
  5549 | D:8      | Slain by Prince Ribbit

Levels and vault maps discovered:
D:1:      giann_wishing_wells, layout_basic
D:2:      wander_river, layout_rooms, overflow_temple_1_default,
          elyvilon_altar_5
D:3:      layout_loops_corners, biasface_ghost_orc_armoury,
          minmay_misc_feat_tower
D:4:      layout_rooms, minmay_temple_entry_waves, serial_shops, shop,
          nicolae_shop_statue_plus, kennysheep_mini_moat, shop,
          kennysheep_little_box
D:5:      layout_loops_ring, lightli_ossuary_entry_decrepit_ruins, basic_altar,
          serial_rivers, chequers_serial_rivers_room_a,
          chequers_serial_rivers_large_a, chequers_serial_rivers_micro_a,
          chequers_serial_rivers_room_a, chequers_serial_rivers_marsh,
          chequers_serial_rivers_room_b, first_ration, uniq_duvessa
D:8:      layout_basic, dpeg_oklobed_lair, the_bakery,
          kennysheep_cross_bottleneck, uniq_psyche, uniq_prince_ribbit1,
          uniq_pikel
Temple:   nicolae_temple_figure_eight

Skill      XL: |  1  2  3  4  5  6  7  8 |
---------------+-------------------------+-----
Maces & Flails | 3 4 5 7 9 11 13 | 13.1
Fighting       | |  3.6
Armour         | |  3.6
Shields        | |  3.6

Action                   |  1- 3 |  4- 6 |  7- 9 || total
-------------------------+-------+-------+-------++-------
Melee: Flail             |    61 |   157 |   186 ||   404
       Headbutt          |     7 |    20 |    30 ||    57
Evoke: Wand              |       |       |     3 ||     3
  Use: Scroll            |     5 |     7 |     1 ||    13
       Potion            |       |     3 |     3 ||     6
  Eat: Chunk             |       |     4 |     3 ||     7
       Ration            |       |     1 |     1 ||     2
Armor: Scale mail        |    34 |    51 |    37 ||   122
       Skin              |       |    13 |       ||    13
Dodge: Dodged            |    36 |    40 |    31 ||   107
Block: Shield            |    38 |    77 |    62 ||   177

Table legend:
 A = Non-vault XP
 B = Vault XP
 C = Vault XP percentage of total XP
 D = Non-vault monster count
 E = Vault monster count
 F = Vault count percentage of total count
                 A         B        C        D         E       F
            +---------+---------+-------+---------+---------+-------
      Total |    1493 |     975 |  39.5 |      93 |      21 |  18.4
            +---------+---------+-------+---------+---------+-------
        D:1 |      26 |       0 |   0.0 |      12 |       0 |   0.0
        D:2 |      90 |       0 |   0.0 |      24 |       0 |   0.0
        D:3 |      43 |     202 |  82.4 |      17 |       7 |  29.2
        D:4 |     223 |       0 |   0.0 |      17 |       0 |   0.0
        D:5 |     537 |      69 |  11.4 |      13 |       1 |   7.1
        D:8 |     453 |     424 |  48.3 |       9 |       1 |  10.0
     Temple |     121 |       0 |   0.0 |       1 |       0 |   0.0
    Ossuary |       0 |     280 | 100.0 |       0 |      12 | 100.0
            +---------+---------+-------+---------+---------+-------
